 Dungeon Crawl Stone Soup version 0.19.5 (webtiles) character file.

51 devil0150 the Magician (level 3, -2/21 HPs)
             Began as a High Elf Wizard on Apr 11, 2017.
             Slain by Terence
             ... wielding a +0 trident
              (13 damage)
             ... on level 2 of the Dungeon.
             The game lasted 00:05:14 (1765 turns).

devil0150 the Magician (High Elf Wizard)            Turns: 1765, Time: 00:05:15

Health: -2/21      AC:  3    Str:  7    XL:     3   Next: 58%
Magic:  4/10       EV: 13    Int: 21    God:
Gold:   23         SH:  0    Dex: 14    Spells: 4 memorised, 3 levels left

rFire  . . .     SeeInvis .     g - +0 short sword
rCold  . . .     Gourm    .     a - +1 robe
rNeg   . . .     Faith    .     (no shield)
rPois  .         Spirit   .     b - +0 hat
rElec  .         Reflect  .     (no cloak)
rCorr  .         Harm     .     (no gloves)
MR     .....                    (no boots)
Stlth  ++........               (no amulet)
                                (no ring)
                                (no ring)

@: very slightly contaminated
A: no striking features
a: no special abilities


You were on level 2 of the Dungeon.
You were not hungry.

You visited 1 branch of the dungeon, and saw 2 of its levels.

You collected 23 gold pieces.

Inventory:

Hand Weapons
 g - a +0 short sword (weapon)
Armour
 a - a +1 robe (worn)
 b - a +0 hat (worn)
Jewellery
 e - an uncursed ring of protection from fire {unknown}
 k - an uncursed ring of wizardry {unknown}
 m - a +3 ring of strength {unknown}
Scrolls
 l - a scroll of noise
Potions
 i - a potion of degeneration
 j - a potion of haste
 n - a potion of curing {unknown}
Books
 c - a book of Minor Magic

   Spells                             Type                      Level
   a - Magic Dart                     Conjuration                  1
   b - Blink                          Translocation                2
   c - Call Imp                       Summoning                    2
   d - Repel Missiles                 Charms/Air                   2
   e - Slow                           Hexes                        2
   f - Conjure Flame                  Conjuration/Fire             3
   g - Mephitic Cloud                 Conjuration/Poison/Air       3
Comestibles
 d - a bread ration
 f - a meat ration
 h - 5 chunks of flesh


   Skills:
 + Level 2.5 Dodging
 + Level 2.5 Stealth
 + Level 4.7 Spellcasting
 + Level 1.8 Conjurations
 + Level 0.8 Summonings
 + Level 1.1 Translocations


You had 3 spell levels left.
You knew the following spells:

 Your Spells              Type           Power        Failure   Level  Hunger
a - Magic Dart            Conj           ##..         6%          1    None
b - Call Imp              Summ           #.......     12%         2    #......
c - Blink                 Tloc           N/A          12%         2    #......
d - Mephitic Cloud        Conj/Pois/Air  #.......     30%         3    ##.....


Dungeon Overview and Level Annotations

Branches:
Dungeon (2/15)

Altars:

Annotations:
D:2 Terence


Message History

Confirm with . or Enter, or press ? or * to list all spells.
Aiming: Magic Dart
Press: ? - help, Shift-Dir - straight line, f/p - Terence
Aim: Terence, wielding a trident and wearing a runed ring mail (moderately wounded, unusually strong)
The magic dart hits Terence.
Terence is heavily wounded.
Terence closely misses you.
Your crimson imp hits Terence but does no damage.
Casting: Magic Dart
Confirm with . or Enter, or press ? or * to list all spells.
Okay, then.
Terence hits you from afar with a trident.
Your crimson imp hits Terence but does no damage.
Your crimson imp hits Terence.
Some of the chunks of flesh in your inventory have rotted away.
Your crimson imp hits Terence but does no damage.
Your crimson imp barely misses Terence.
Terence hits you from afar with a trident!
Ouch! That really hurt!
You die...

#..##.###
##.##.#
#####.##.#
#........#
#........#
#........#
#........#
#55......#
#@.@.....#
#........#
#.....)..#
#<.......#
##########


You could see Terence and 2 friendly crimson imps.

Vanquished Creatures
  2 adders
  A worm (D:2)
  2 leopard geckos (D:1)
  2 bats (D:1)
  A giant cockroach (D:1)
  2 goblins (D:1)
  5 hobgoblins
  A quokka (D:2)
  A ball python (D:1)
  6 frilled lizards
  4 kobolds
  3 rats (D:1)
30 creatures vanquished.

Notes
Turn   | Place    | Note
-------+----------+-------------------------------------------
     0 | D:1      | devil0150 the High Elf Wizard began the quest for the Orb.
     0 | D:1      | Reached XP level 1. HP: 11/11 MP: 6/6
   157 | D:1      | Reached skill level 4 in Spellcasting
   251 | D:1      | Reached XP level 2. HP: 14/17 MP: 0/8
  1175 | D:2      | Reached XP level 3. HP: 15/21 MP: 0/9
  1406 | D:2      | Learned a level 2 spell: Call Imp
  1409 | D:2      | Learned a level 2 spell: Blink
  1413 | D:2      | Learned a level 3 spell: Mephitic Cloud
  1675 | D:2      | Noticed Terence
  1765 | D:2      | Slain by Terence

Skill      XL: |  1 |
---------------+----+-----
Spellcasting   | 4 |  4.7
Dodging        | |  2.5
Stealth        | |  2.5
Conjurations   | |  1.8
Summonings     | |  0.8
Translocations | |  1.1

Action                   || total
-------------------------++-------
Melee: Short sword       ||     5
 Cast: Magic Dart        ||    86
       Call Imp          ||     2
  Use: Scroll            ||     8
       Potion            ||     1
  Eat: Chunk             ||     2
Armor: Robe              ||     5
Dodge: Dodged            ||    38
